AoeStats
← pit

Arabia

509763273Analyzed
1v1 RM · 5d ago on Sep 27, 2026· 36m 39s· 2 players
Game mode
Random Map
Map size
Tiny (2 player)
Population
200
Speed
Normal
Resources
Standard
Victory
Conquest
Starting age
Dark Age
Ending age
Imperial Age
RankedLock teamsTeams togetherTeam positionsShared explorationLock speedFull tech treeHidden civsTurbo modeCheats
Victory
Defeat
🇨🇦 Mongols · Canada
1122
+16
🇨🇱 Ethiopians · Chile
1121
-16
MBG
7:31 Loom
9:59 Feudal Age
12:24 Fletching
31:49 Castle Age
32:57 Crossbowman
36:21 Bodkin Arrow
pit
8:24 Feudal Age
6:41 Loom
8:27 Feudal Age
11:44 Fletching
18:02 Double-Bit Axe
20:53 Horse Collar
28:05 Castle Age
26:37 Stone Mining
28:20 Padded Archer Armor
29:30 Leather Archer Armor
29:10 Bodkin Arrow
Connection lost

Rejoining the realm…

Still unreachable

The connection could not be restored.

Session expired

The server has moved on; the page needs a fresh start.